 Dungeon Crawl Stone Soup version 0.26-a0-712-ga5a9c9c9d0 (webtiles) character file.

Game seed: 5766340318894329412

173 kae the Insei (level 5, -1/30 HPs)
             Began as a Tengu Transmuter on Nov 12, 2020.
             Killed from afar by a white imp (4 damage)
             ... with a puff of frost
             ... summoned by Natasha
             ... on level 3 of the Dungeon.
             The game lasted 00:02:41 (3853 turns).

kae the Insei (Tengu Transmuter)                    Turns: 3853, Time: 00:02:42

Health: -1/30      AC:  2    Str: 11    XL:     5   Next: 53%
Magic:  9/9        EV: 14    Int: 14    God:
Gold:   178        SH:  0    Dex: 14    Spells: 4/8 levels left

rFire    . . .     SeeInvis .     - Unarmed
rCold    . . .     Faith    .   (no shield)
rNeg     . . .     Spirit   .   a - +0 robe
rPois    .         Reflect  .   (helmet restricted)
rElec    .         Harm     .   (no cloak)
rCorr    .         Rampage  .   (no gloves)
MR       .....                  (boots unavailable)
Stlth    +.........             (no amulet)
HPRegen  0.10/turn              (no ring)
MPRegen  0.11/turn              (no ring)

@: flying quickly and evasively, drained, quick
A: beak, talons 3, able to fly
a: Stop Flying


You were on level 3 of the Dungeon.
You visited 1 branch of the dungeon, and saw 3 of its levels.

You collected 178 gold pieces.

Inventory:

Armour
 a - a +0 robe (worn)
Jewellery
 k - an uncursed amulet of regeneration {unknown}
 l - an uncursed ring of positive energy {unknown}
Scrolls
 b - 5 scrolls of remove curse {unknown}
 c - 3 scrolls of teleportation {unknown}
 f - 3 scrolls of identify {unknown}
 m - 3 scrolls of fog {unknown}
Potions
 d - a potion of brilliance {unknown}
 e - 2 potions of haste {unknown}
 g - 2 potions of curing {unknown}
 h - 4 potions of cancellation {unknown}
 i - a potion of magic {unknown}
 j - a potion of degeneration {unknown}


   Skills:
 + Level 2.3(1.5) Fighting
 - Level 2.1(1.4) Dodging
 * Level 4.9(4.2) Unarmed Combat
 - Level 2.0(1.2) Spellcasting
 * Level 3.1(2.3) Transmutations


You had 4 spell levels left.
You knew the following spells:

 Your Spells              Type           Power        Failure   Level
a - Beastly Appendage     Tmut           #.....       10%         1
b - Spider Form           Tmut/Pois      #.........   43%         3

Your spell library contained the following spells:

 Spells                   Type           Power        Failure   Level
 Wereblood                Tmut           #.......     14%         2
 Ice Form                 Ice/Tmut       #.......     83%         4
 Blade Hands              Tmut           #.........   95%         5


Dungeon Overview and Level Annotations

Branches:
Dungeon (3/15)

Altars:
Kikubaaqudgha

Annotations:
D:3 Natasha, Terence


Innate Abilities, Weirdness & Mutations

You have a beak for a mouth.
You have claws for feet.
You can fly continuously.


Message History

Natasha shimmers violently.
A kobold comes into view.
You see here 33 stones.
The kobold moves out of view.
The crimson imp blinks!
Terence barely misses you. The crimson imp hits you.
The crimson imp laughs crazily.
The crimson imp closely misses you.
You feel yourself speed up.
The crimson imp disappears in a puff of smoke!
Natasha casts a spell.
Natasha mumbles some strange words.
The white imp gestures at you. The puff of frost hits you!
* * * LOW HITPOINT WARNING * * *
Natasha mumbles some strange words.
The shadow imp disappears for a moment.
The white imp gestures at you. The puff of frost hits you.
You die...

.+⌠.##.## +........# ##...##
#h.......#
##.....###.5......########
#...†...##........#......#
#..#......#...B5...#.##########
...
#....#.....................# .
#....##.....@..............#
#....##..>.................#
#....##.....@...############
#....########.### #....# #.#
###### #.# ####### #.#
######.....# #.# ^.##...###.#
#.# #.##.).# #.# #.# #......#
#.# #.#


You could see Terence, Natasha, a white imp (summoned), a shadow imp (summoned)
and a giant cockroach.

Vanquished Creatures
  Natasha (D:3)
  4 gnolls
  4 adders
  2 oozes
  3 worms (D:2)
  3 dart slugs
  3 leopard geckos (D:2)
  5 bats
  2 giant cockroaches
  6 goblins
  3 hobgoblins
  2 jackals (D:3)
  3 quokkas
  2 frilled lizards
  4 kobolds (D:1)
  6 rats
53 creatures vanquished.

Notes
Turn   | Place    | Note
-------+----------+-------------------------------------------
     0 | D:1      | kae the Tengu Transmuter began the quest for the Orb.
     0 | D:1      | Reached XP level 1. HP: 12/12 MP: 4/4
   283 | D:1      | Reached XP level 2. HP: 16/16 MP: 4/6
  1395 | D:2      | Reached XP level 3. HP: 11/20 MP: 7/7
  1550 | D:2      | Reached skill level 4 in Unarmed Combat
  1961 | D:2      | Reached XP level 4. HP: 8/26 MP: 8/8
  2592 | D:1      | Learned a level 3 spell: Spider Form
  3159 | D:2      | Gained mutation: You can fly continuously. [Tengu growth]
  3159 | D:2      | Reached XP level 5. HP: 30/30 MP: 9/9
  3419 | D:3      | Found an ancient bone altar of Kikubaaqudgha.
  3715 | D:3      | Noticed Natasha
  3720 | D:3      | Killed Natasha
  3825 | D:3      | Noticed Terence
  3826 | D:3      | Noticed Natasha
  3853 | D:3      | Killed from afar by a white imp

Illustrated notes

Levels and vault maps discovered:
D:1:      minmay_arrival_shoal_huts, layout_basic
D:2:      layout_rooms, kennysheep_generic_room_14
D:3:      layout_basic, kiku_gazebo_pond_becter, grunt_decor_arrowhead,
          uniq_natasha, uniq_terence

Skill      XL: |  1  2  3  4  5 |
---------------+----------------+-----
Transmutations | 2 3 |  3.1
Unarmed Combat | 4 |  4.9
Fighting       | 2 |  2.3
Dodging        | |  2.1
Spellcasting   | |  2.0

Action                   |  1- 3 |  4- 6 || total
-------------------------+-------+-------++-------
Melee: Unarmed           |    80 |    86 ||   166
       Kick              |    13 |    22 ||    35
       Peck              |     6 |     9 ||    15
       Headbutt          |     7 |     2 ||     9
       Punch             |     1 |       ||     1
 Cast: Beastly Appendage |    16 |     8 ||    24
       Spider Form       |       |     3 ||     3
 Abil: Fly               |       |     1 ||     1
Armor: Robe              |    10 |     7 ||    17
Dodge: Dodged            |    62 |    96 ||   158

Table legend: (Time is in decaauts)
 A = Elapsed time spent in this place.
 B = Non-inter-level travel time spent in this place.
 C = Inter-level travel time spent in this place.
 D = Time resting spent in this place.
 E = Time spent auto-exploring this place.
 F = Levels seen in this place.
 G = Mean time per level.
                   A        B        C        D        E       F      G
               +--------+--------+--------+--------+--------+-----+--------+
         Total |   3814 |   3759 |     55 |    881 |   2430 |   3 | 1271.3 |
       Dungeon |   3814 |   3759 |     55 |    881 |   2430 |   3 | 1271.3 |
               +--------+--------+--------+--------+--------+-----+--------+

Top non-repeatable levels by time:
     D:1: 2101 daAuts
     D:2: 1301 daAuts
     D:3: 412 daAuts
